 Dungeon Sprint DCSS version 0.30-a0-965-g42e074c17a (webtiles) character file.

Game seed: 18314175835310562533

0 fozzywoppz the Trooper (level 1, -8/18 HPs)
             Began as a Demonspawn Monk on Mar 30, 2023.
             Was a Believer of Qazlal.
             Killed from afar by an orc wizard (12 damage)
             ... with a puff of flame
             ... in the Dungeon (Sprint VI: "Thunderdome").
             The game lasted 00:01:09 (53 turns).

fozzywoppz the Trooper (Demonspawn Monk)              Turns: 53, Time: 00:01:10

Health: -8/18      AC:  2    Str: 11    XL:     1   Next: 33%
Magic:  1/1        EV: 13    Int: 11    God:    Qazlal [**....]
Gold:   200        SH:  0    Dex: 15    Spells: 0/0 levels left

rFire   . . .      SeeInvis .      - Unarmed
rCold   . . .      Faith    .    (no shield)
rNeg    . . .      Spirit   .    a - +0 robe
rPois   .          Reflect  .    (no helmet)
rElec   .          Rampage  .    (no cloak)
rCorr   .          NoTele   +    (no gloves)
Will    .....                    (no boots)
Stlth   +                        (no amulet)
HPRegen 0.23/turn                (no ring)
MPRegen 0.07/turn                (no ring)

@: confused
A: no striking features
a: Renounce Religion, Upheaval


You were in the Dungeon.
You worshipped Qazlal.
Qazlal was pleased with you.
You visited 1 branch You collected 200 gold pieces.

Inventory:

Armour
 a - a +0 robe (worn)
Wands
 i - a wand of acid (5)
 j - a wand of roots (5)
Scrolls
 h - 4 scrolls of blinking
 k - 3 scrolls of fog
Potions
 b - a potion of ambrosia
 c - a potion of curing
 d - 4 potions of heal wounds
 e - 4 potions of haste
 f - 2 potions of magic
 g - a potion of berserk rage
 l - a potion of resistance


   Skills:
 + Level 3.2 Fighting
 + Level 3.0 Dodging
 + Level 2.2 Stealth
 + Level 3.0 Unarmed Combat


You couldn't memorise any spells.
You didn't know any spells.
Your spell library was empty.

Dungeon Overview and Level Annotations

Branches:
Dungeon (1/1)

Altars:
Cheibriados
Dithmenos
Fedhas
Gozag
Kikubaaqudgha
Makhleb
Okawaru
Qazlal
Ru
Sif Muna
Trog
Uskayaw
Vehumet
Wu Jian
Xom
Yredelemnul
Lugonu

Shops:
D *[??*?*:[(!!!!


Message History

You hit the kobold.
The kobold is severely wounded.
The kobold is engulfed in a thunderstorm.
You kill the kobold!
Qazlal accepts your kill. The orc wizard barely misses you.
Your Dodging skill increases to level 3!
Your Unarmed Combat skill increases to level 3!
You closely miss the orc wizard.
The orc wizard is heavily wounded.
The orc wizard hits you with a +0 dagger.
You bump into the granite statue.
The orc wizard closely misses you.
You're too confused to move!
The orc wizard hits you with a +0 dagger.
The orc wizard misses you.
You see here a +0 short sword.
You miss the orc wizard.
The orc wizard is heavily wounded.
The orc wizard gestures at you while chanting.
You are more confused.
You closely miss the orc wizard.
The orc wizard is heavily wounded.
The orc wizard gestures at you while chanting.
The magic dart hits you!
* * * LOW HITPOINT WARNING * * *
You hit the orc wizard.
The orc wizard is severely wounded.
The orc wizard barely misses you.
You bump into the granite statue.
The orc wizard hits you with a +0 dagger.
* * * LOW HITPOINT WARNING * * *
Unknown command.
You hit the orc wizard.
The orc wizard is almost dead.
The orc wizard closely misses you.
Found Luocwit's Miscellaneous Merchandise and Ymna's Basic Armour.
The orc wizard casts a spell at you. The puff of flame hits you!
Ouch! That really hurt!
You die...

###∩........8.# #.8........∩
##.............###...........
#⌠..........###...###........
#⌠.......)..# #.<.# #........
#⌠..........###...###........
#.............###...........
###∩......o.8.# #.8........∩
##∩___.§)§..###......__.∩#
######§8@........8.######
#⌠...........⌠#
###.........### #_......._#
#_......._# #_.......
#∩....... ##∩.....∩


You could see an orc wizard.

Vanquished Creatures
  A goblin (D)
  A kobold (D)
2 creatures vanquished.

Notes
Turn   | Place    | Note
-------+----------+-------------------------------------------
     0 | D        | fozzywoppz the Demonspawn Monk began the quest for the Orb.
     0 | D        | Reached XP level 1. HP: 18/18 MP: 1/1
     1 | D        | Found an iron altar of Okawaru.
     1 | D        | Found a shimmering blue altar of Sif Muna.
     2 | D        | Found a snail-covered altar of Cheibriados.
     3 | D        | Found a blossoming altar of Fedhas.
     4 | D        | Found Epied's Do-It-Yourself Clinic.
     4 | D        | Found Vuster's Distillery.
     5 | D        | Found Oskuetz's Bottled Wisdom.
     5 | D        | Found Jigy's Distillery.
     5 | D        | Round 1.
     7 | D        | Found a bloodstained altar of Trog.
    10 | D        | Found a basalt altar of Yredelemnul.
    10 | D        | Found a corrupted altar of Lugonu.
    10 | D        | Found a shadowy altar of Dithmenos.
    10 | D        | Found Coydd's Staff Store.
    10 | D        | Found Iralaog's Magic Scroll Shop.
    11 | D        | Found Weiros's Must-Have Magic.
    11 | D        | Found Imeska's Magic Scroll Shop.
    14 | D        | Found a sacrificial altar of Ru.
    15 | D        | Found an ancient bone altar of Kikubaaqudgha.
    16 | D        | Found an ornate altar of the Wu Jian Council.
    17 | D        | Found a radiant altar of Vehumet.
    17 | D        | Found a stormy altar of Qazlal.
    17 | D        | Found a shimmering altar of Xom.
    17 | D        | Found Wongiunn's Identification Station.
    18 | D        | Found Itoafig's Jewellery.
    18 | D        | Found Ric Pov's Advanced Armour.
    25 | D        | Found an opulent altar of Gozag.
    31 | D        | Became a worshipper of Qazlal Stormbringer
    31 | D        | Reached * piety under Qazlal
    31 | D        | Reached ** piety under Qazlal
    31 | D        | Noticed an orc wizard
    34 | D        | Found a burning altar of Makhleb.
    34 | D        | Found a hide-covered altar of Uskayaw.
    36 | D        | Found Pautacuc's Premium Goods.
    53 | D        | Found Luocwit's Miscellaneous Merchandise.
    53 | D        | Found Ymna's Basic Armour.
    53 | D        | Killed from afar by an orc wizard

Illustrated notes

Levels and vault maps discovered:
D:        arena_sprint

Skill      XL: |  1 |
---------------+----+-----
Stealth        | 2 |  2.2
Dodging        | 3 |  3.0
Unarmed Combat | 3 |  3.0
Fighting       | |  3.2

Action                     || total
---------------------------++-------
  Melee: Unarmed           ||    14
  Dodge: Dodged            ||    10

Table legend: (Time is in decaauts)
 A = Elapsed time spent in this place.
 B = Non-inter-level travel time spent in this place.
 C = Inter-level travel time spent in this place.
 D = Time resting spent in this place.
 E = Time spent auto-exploring this place.
 F = Levels seen in this place.
 G = Mean time per level.
                   A        B        C        D        E       F      G
               +--------+--------+--------+--------+--------+-----+--------+
         Total |     52 |     52 |      0 |      0 |      0 |   1 |   52.0 |
       Dungeon |     52 |     52 |      0 |      0 |      0 |   1 |   52.0 |
               +--------+--------+--------+--------+--------+-----+--------+

Top non-repeatable levels by time:
       D: 52 daAuts
